 Dungeon Crawl Stone Soup version 0.19.1 (webtiles) character file.

987 Lilleppy the Cleaver (level 8, -8/69 HPs)
             Began as a Hill Orc Monk on Dec 11, 2016.
             Was a Believer of Beogh.
             Killed by divine providence
             ... invoked by an orc priest
              (15 damage)
             ... on level 4 of the Dungeon.
             The game lasted 00:13:39 (5101 turns).

Lilleppy the Cleaver (Hill Orc Monk)                Turns: 5101, Time: 00:13:40

Health: -8/69      AC:  9    Str: 15    XL:     8   Next: 18%
Magic:  8/8        EV: 10    Int:  7    God:    Beogh [**....]
Gold:   115        SH:  3    Dex: 14    Spells: 0 memorised, 7 levels left

rFire  . . .     SeeInvis .     v - +2 whip (flame)
rCold  . . .     Gourm    .     t - +0 scale mail
rNeg   . . .     Faith    .     y - +0 buckler
rPois  .         Spirit   .     (no helmet)
rElec  .         Reflect  .     j - +1 cloak
rCorr  .         Harm     .     (no gloves)
MR     +....                    (no boots)
Stlth  +.........               (no amulet)
                                i - ring of protection from magic
                                d - -3 ring of intelligence (curse)

@: no status effects
A: no striking features
a: Smiting, Renounce Religion


You were on level 4 of the Dungeon.
You worshipped Beogh.
Beogh was pleased with you.
You were not hungry.

You visited 1 branch of the dungeon, and saw 4 of its levels.
You also visited: Sewer.

You collected 115 gold pieces.

Inventory:

Hand Weapons
 a - a +0 hand axe
 o - a +0 club of chaos
 v - a +2 whip of flaming (weapon)
Armour
 j - a +1 cloak (worn)
 t - a +0 scale mail (worn)
 y - a +0 buckler (worn)
Magical Staves
 f - an uncursed staff of death {unknown}
Jewellery
 d - a cursed -3 ring of intelligence (left hand)
 i - a ring of protection from magic (right hand)
 k - an uncursed ring of magical power {unknown}
 n - a +3 ring of protection {unknown}
Scrolls
 g - a scroll of teleportation
 h - 3 scrolls of remove curse {unknown}
 p - 7 scrolls of identify
 B - a scroll of amnesia {unknown}
Potions
 b - a potion of invisibility {unknown}
 e - 3 potions of agility {unknown}
 l - 7 potions of heal wounds {unknown}
 r - a potion of brilliance {unknown}
 s - a potion of cancellation {unknown}
 u - 4 potions of curing {unknown}
 w - a potion of cure mutation {unknown}
 x - 2 potions of might {unknown}
 z - a potion of magic {unknown}
 A - 2 potions of flight {unknown}
Comestibles
 c - 4 bread rations
 m - 2 royal jellies
 q - 4 slices of pizza


   Skills:
 + Level 5.4 Fighting
 + Level 8.4 Axes
 + Level 1.0(4.4) Maces & Flails
 + Level 4.9 Armour
 + Level 3.9 Dodging
 + Level 1.9 Stealth
 + Level 1.0 Invocations


You had 7 spell levels left.
You didn't know any spells.

Dungeon Overview and Level Annotations

Branches:
Dungeon (4/15)
 Temple: D:4-7

Altars:
Cheibriados
Uskayaw
Vehumet
Xom


Message History

Beogh accepts your kill. The orc hits you with a war axe.
The orc priest calls down the wrath of Beogh upon you.
Beogh smites you!
* * * LOW HITPOINT WARNING * * *
Things that are here:
a whip; 3 tomahawks; a chain mail You hit the orc.
You burn the orc.
You kill the orc!
Beogh accepts your kill. The orc priest hits you with a war axe.
* * * LOW HITPOINT WARNING * * *
Things that are here:
a war axe; an orc corpse You hit the orc priest.
You burn the orc priest.
The orc priest is moderately wounded.
The orc priest calls down the wrath of Beogh upon you.
Beogh smites you!
You die...
Beogh appreciates the orc priest's killing of a heretic priest.

##.#......###
##.....<......
##.....##...###
##..............
#...............
##..............
##......#.#....
############.....#......
......o@).....#..#.#...#
############.......#.p##
##......#....
###.......## ##.....†..
#...##.## #...##.# .
#...##.# ##.
#######...##.#


You could see an orc priest.

Vanquished Creatures
  Pikel (D:4)
  The ghost of dylex the Bolt Thrower, an amateur HOHu (Sewer)
  A big kobold (Sewer)
  A centaur skeleton (D:4)
  An orc priest (D:3)
  An orc wizard (D:3)
  Jessica (D:3)
  Natasha (twice) (D:3)
  4 adders
  2 river rats (D:4)
  5 oozes
  An adder skeleton (D:4)
  A worm (D:4)
  2 dart slugs (D:1)
  3 leopard geckos
  10 orcs
  9 giant cockroaches
  9 goblins
  9 hobgoblins
  6 jackals (D:1)
  19 kobolds
  A quokka (D:3)
  3 ball pythons (Sewer)
  7 bats
  7 frilled lizards
  10 rats
117 creatures vanquished.

Vanquished Creatures (others)
  A scorpion (D:4)
  An orc wizard (D:3)
  Natasha (D:3)
  An orc (D:3)
  A hobgoblin (D:2)
  2 kobolds
  A quokka skeleton (D:4)
8 creatures vanquished.

Grand Total: 125 creatures vanquished

Notes
Turn   | Place    | Note
-------+----------+-------------------------------------------
     0 | D:1      | Lilleppy the Hill Orc Monk began the quest for the Orb.
     0 | D:1      | Reached XP level 1. HP: 19/19 MP: 1/1
   194 | D:1      | Reached XP level 2. HP: 27/27 MP: 2/2
   481 | D:1      | Reached XP level 3. HP: 10/33 MP: 3/3
  1292 | D:2      | Found a hide-covered altar of Uskayaw.
  1311 | D:2      | Reached skill level 5 in Axes
  1345 | D:2      | Found a radiant altar of Vehumet.
  1683 | D:2      | Reached XP level 4. HP: 39/41 MP: 4/4
  2276 | D:3      | Reached skill level 1 in Armour
  2586 | D:3      | Noticed Natasha
  2599 | D:3      | Killed Natasha
  2599 | D:3      | Reached XP level 5. HP: 31/47 MP: 5/5
  2639 | D:3      | Found a shimmering altar of Xom.
  2974 | D:3      | Noticed Jessica
  2980 | D:3      | Killed Jessica
  2980 | D:3      | Reached skill level 6 in Axes
  3106 | D:3      | Noticed Natasha
  3194 | D:3      | Became a worshipper of Beogh the Brigand
  3194 | D:3      | Reached * piety under Beogh
  3194 | D:3      | Reached ** piety under Beogh
  3229 | D:3      | Killed Natasha
  3239 | D:3      | Noticed Natasha
  3249 | D:3      | Killed Natasha
  3249 | D:3      | Reached XP level 6. HP: 35/53 MP: 6/6
  3814 | D:4      | Noticed a slave
  3814 | D:4      | Noticed a slave
  3816 | D:4      | Noticed Pikel
  3819 | D:4      | Noticed a slave
  3852 | D:4      | Killed Pikel
  3852 | D:4      | Reached skill level 5 in Fighting
  3852 | D:4      | Reached skill level 8 in Axes
  3852 | D:4      | Reached XP level 7. HP: 15/61 MP: 7/7
  3993 | D:4      | Found a glowing drain.
  4047 | Sewer    | Entered a sewer
  4200 | Sewer    | Noticed dylex's ghost (amateur HOHu)
  4237 | Sewer    | Killed dylex's ghost
  4237 | Sewer    | Reached XP level 8. HP: 29/68 MP: 4/8
  4447 | Sewer    | Reached skill level 1 in Maces & Flails
  4656 | Sewer    | Reached skill level 1 in Invocations
  4898 | D:4      | Found a snail-covered altar of Cheibriados.
  5101 | D:4      | Killed from afar by an orc priest

Skill      XL: |  1  2  3  4  5  6  7  8 |
---------------+-------------------------+-----
Fighting       | 4 5 |  5.4
Axes           | 5 6 8 |  8.4
Armour         | 1 2 4 |  4.9
Dodging        | 3 |  3.9
Maces & Flails | 1 |  1.0
Invocations    | 1 |  1.0
Stealth        | |  1.9

Action                   |  1- 3 |  4- 6 |  7- 9 || total
-------------------------+-------+-------+-------++-------
Melee: Hand axe          |   111 |   216 |       ||   327
       Whip              |       |       |   135 ||   135
Invok: Convert to Beogh  |       |     1 |       ||     1
       Smiting           |       |     1 |     3 ||     4
  Use: Scroll            |     3 |       |       ||     3
       Potion            |       |     1 |       ||     1
 Stab: Sleeping          |     1 |     1 |       ||     2
  Eat: Fruit             |     3 |     6 |       ||     9
       Royal jelly       |       |       |     1 ||     1
       Bread ration      |       |       |     1 ||     1
Armor: Robe              |     7 |       |       ||     7
       Leather armour    |    31 |       |       ||    31
       Ring mail         |       |    58 |       ||    58
       Scale mail        |       |    22 |    53 ||    75
Dodge: Dodged            |   114 |   114 |    95 ||   323
